 Dungeon Sprint DCSS version 0.30.0-5-g1a98f26d00 (webtiles) character file.

Game seed: 3147664583719158108

18136 Groucho the End of an Era (level 12, -15/106 (108) HPs)
             Began as a Demonspawn Gladiator on May 12, 2023.
             Was the Champion of Qazlal.
             Collided with an unnaturally hard rock wall (36 damage)
             ... caused by Jusugeg the pandemonium lord
             ... in the Dungeon (Sprint V: "Ziggurat Sprint").
             The game lasted 00:06:57 (1951 turns).

Groucho the End of an Era (Demonspawn Gladiator)    Turns: 1951, Time: 00:06:58

HP:   -15/106 (108) AC: 46    Str: 26    XL:     12   Next: 25%
MP:   4/26          EV:  9    Int:  9    God:    Qazlal [******]
Gold: 0             SH: 43    Dex: 21    Spells: 11/11 levels left

rFire   + . .        H - +8 lance "Wyrmbane" {slay drac, rPois rF+ rC+ AC+3}
rCold   + . .        G - +18 shield of the Gong {Loud rN+ Will+ rCorr EV-5}
rNeg    + . .        F - +15 Maxwell's patent armour {-Cast -Tele rElec Will+ rCorr}
rPois   +            c - +0 helmet
rElec   +            d - +1 cloak {rCorr}
rCorr   +            (no gloves)
SInv    .            (no boots)
Will    ++...        b - amulet of magic regeneration Stlth
                     C - +6 ring of strength
HPRegen 0.37/turn    D - +6 ring of strength
MPRegen 0.80/turn

%: no teleportation, no spellcasting, repel missiles
@: protected from physical damage, slowed, studying 2 skills, lightly drained,
very slow
A: rugged brown scales 2, icemail 1, magic regeneration, condensation shield,
demonic touch 2
a: Renounce Religion, Upheaval, Elemental Force, Disaster Area


You were in the Dungeon.
You worshipped Qazlal.
Qazlal was exalted by your worship.
You visited 1 branch

Inventory:

Hand Weapons
 H - the +8 lance "Wyrmbane" (weapon) {slay drac, rPois rF+ rC+ AC+3}
   (You found it in the Dungeon)

   AC:        It affects your AC (+3).
   rF:        It protects you from fire.
   rC:        It protects you from cold.
   rPois:     It protects you from poison.
Missiles
 e - a javelin (quivered)
Armour
 a - +5 gold dragon scales
 c - a +0 helmet (worn)
 d - a +1 cloak of preservation (worn)
 F - the +15 Maxwell's patent armour (worn) {-Cast -Tele rElec Will+ rCorr}
   (You found it in the Dungeon)

   rElec:     It insulates you from electricity.
   -Cast:     It prevents spellcasting.
   -Tele:     It prevents most forms of teleportation.
   rCorr:     It protects you from acid and corrosion.
   Will:      It increases your willpower.
 G - the +18 shield of the Gong (worn) {Loud rN+ Will+ rCorr EV-5}
   (You found it in the Dungeon)

   Loud:      It is deafeningly noisy when blocking attacks.
   EV:        It affects your evasion (-5).
   rN:        It protects you from negative energy.
   rCorr:     It protects you from acid and corrosion.
   Will:      It increases your willpower.
Jewellery
 b - an amulet of magic regeneration (around neck)
 x - a ring of flight
 y - a +6 ring of dexterity
 z - a +6 ring of dexterity
 A - a +6 ring of intelligence
 B - a +6 ring of intelligence
 C - a +6 ring of strength (left hand)
 D - a +6 ring of strength (right hand)
 J - the ring "Garchay" {rF+++ rC+ Int+6 Slay-2}
   (You found it in the Dungeon)

   [ring of intelligence]

   Int:       It affects your intelligence (+6).
   Slay:      It affects your accuracy & damage with ranged weapons and melee
   (-2).
   rF:        It renders you almost immune to fire.
   rC:        It protects you from cold.
 L - the amulet of the Sunfish {Reflect rF++ rC- Str+5 SH+5}
   (You found it in the Dungeon)

   [amulet of reflection]

   It reflects blocked missile attacks.
   Str:       It affects your strength (+5).
   rF:        It greatly protects you from fire.
   rC:        It makes you vulnerable to cold.
   SH:        It affects your SH (+5).
 M - a +6 ring of intelligence
Wands
 u - a wand of mindburst (7)
 v - a wand of iceblast (8)
 w - a wand of quicksilver (13)
 E - a wand of flame (20)
 I - a wand of polymorph (4)
 K - a wand of charming (5)
Scrolls
 k - 4 scrolls of blinking
 q - 4 scrolls of amnesia
 r - 7 scrolls of fog
 s - 5 scrolls of identify
 t - 2 scrolls of fear
Potions
 f - 10 potions of curing
 g - 5 potions of heal wounds
 h - 6 potions of haste
 i - 7 potions of magic
 j - 3 potions of berserk rage
 l - 2 potions of brilliance
 m - 2 potions of invisibility
 n - 4 potions of resistance
 o - a potion of experience
 p - 5 potions of might


   Skills:
 + Level 12.5 Fighting
 + Level 11.7 Polearms
 - Level 1.7 Throwing
 + Level 11.4 Armour
 + Level 11.7 Dodging
 + Level 11.4 Shields
 * Level 21.5 Invocations


You had 11 spell levels left.
You didn't know any spells.
Your spell library contained the following spells:

 Spells                   Type           Power      Damage    Failure   Level
 Foxfire                  Conj/Fire      0%         2x1d4     99%         1
 Freeze                   Ice            0%         1d3       99%         1
 Passwall                 Tmut/Erth      0%         N/A       100%        2
 Static Discharge         Conj/Air       0%         2-2/arc   100%        2
 Dazzling Flash           Conj/Hex       0%         N/A       100%        3
 Frozen Ramparts          Ice            0%         1d1       100%        3
 Hailstorm                Conj/Ice       0%         3d3       100%        3
 Ozocubu's Armour         Ice            0%         N/A       100%        3
 Stone Arrow              Conj/Erth      0%         3d7       100%        3
 Dispel Undead            Necr           0%         3d6       100%        4
 Blade Hands              Tmut           0%         N/A       100%        5
 Freezing Cloud           Conj/Ice/Air   0%         6-21      100%        5
 Irradiate                Conj/Tmut      0%         3d11      100%        5
 Lee's Rapid Deconstruct  Erth           0%         3d4*      100%        5
 Metabolic Englaciation   Hex/Ice        0%         N/A       100%        5
 Dragon Form              Tmut           0%         N/A       100%        7
 Ozocubu's Refrigeration  Ice            0%         4d7       100%        7
 Storm Form               Tmut/Air       0%         N/A       100%        7
 Shatter                  Erth           0%         3d5*      100%        9


Dungeon Overview and Level Annotations

Branches:
Dungeon (1/1)

Altars:
Ashenzari
Cheibriados
Dithmenos
Fedhas
Gozag
Hepliaklqana
Kikubaaqudgha
Makhleb
Nemelex Xobeh
Okawaru
Qazlal
Ru
Sif Muna
Trog
Uskayaw
Vehumet
Wu Jian
Xom
Yredelemnul
Jiyva
Lugonu


Innate Abilities, Weirdness & Mutations

You are mostly covered in rugged brown scales. (AC +2, +5% HP)
A meltable icy envelope protects you from harm. (AC +4)
You regenerate magic rapidly.
A meltable shield of frost defends you. (SH +4)
Your touch may inflict irresistible damage on your foes.


Message History

You feel your power leaking away.
You barely miss Zautiewk.
Zautiewk is heavily wounded.
Qudumu is engulfed in a thunderstorm.
Qudumu headbutts you! Qudumu drains your vigour!
You feel yourself slow down.
You hit the Tzitzimitl but do no damage.
The Tzitzimitl is severely wounded.
You block Zautiewk's attack.
GONNNNG!
Qudumu is engulfed in a thunderstorm.
You block Qudumu's attack.
BOUMMMMG!
Zautiewk is engulfed in freezing vapours.
You block Zautiewk's attack.
PTOANNNG!
Jusugeg hits you but does no damage. You block the Tzitzimitl's attack.
BONNNG!
The Tzitzimitl bites you but does no damage.
Qudumu is engulfed in a thunderstorm.
Qudumu headbutts you! Qudumu drains your vigour!
You feel as though you will be slow longer.
Unknown command.
Unknown command.
Unknown command.
Activating: Disaster Area (0% risk of failure)
Press: ? - help, Dir - look around, f - activate Nature churns violently around you!
The cutting wind hits Zautiewk!!
Zautiewk is severely wounded.
The blast of magma engulfs Zautiewk!
Zautiewk partially resists.
Zautiewk is severely wounded.
Zautiewk is engulfed in a thunderstorm.
You block Zautiewk's attack.
PANG!
You block Qudumu's attack.
SHROANNG!
Jusugeg gestures at you. The lance of force hits you!!!
* * * LOW HITPOINT WARNING * * *
You are knocked back by the lance of force.
You slam into the unnaturally hard rock wall!
You die...

▓..)|)....
▓..[.≈[§.§▓..).).[..
▓....≈§§§§▓.........
▓.≈).≈§§§§▓..)......
▓§..§§§§≈.▓.........
▓≈§.≈§§≈§.▓...))....
▓≈○▓§°§▓§.▓..)......
▓°°&&§§§.§▓....))...
▓.&@1©§§§§▓....©....
▓▓▓▓▓▓▓▓▓▓▓▓▓▓▓▓▓▓▓▓


You could see Jusugeg, Qudumu, Zautiewk and a Tzitzimitl.

Vanquished Creatures
  An Ice Fiend (D)
  2 ancient champions (D)
  An Executioner (D)
  An angel (D)
  5 war gargoyles (D)
  2 blizzard demons (D)
  A shining eye (D)
  7 toenail golems (D)
  A rust devil (D)
  A smoke demon (D)
  2 hellions (D)
  A tormentor (D)
  5 merfolk (D)
  3 wind drakes (D)
  3 slime creatures (D)
  2 nagas (D)
  A floating eye (D)
  A water moccasin (D)
  A wolf (D)
  2 centaurs (D)
  2 phantoms (D)
  A necrophage (D)
  An earth elemental (D)
  3 crimson imps (D)
  2 quasits (D)
  4 iron imps (D)
  An orc priest (D)
  An iguana (D)
  An adder (D)
  A river rat (D)
  2 adder zombies (D)
  An orc (D)
  A bat zombie (D)
  An endoplasm (D)
  A jackal (D)
  2 ball pythons (D)
  2 ball python skeletons (D)
  A giant cockroach zombie (D)
71 creatures vanquished.

Notes
Turn   | Place    | Note
-------+----------+-------------------------------------------
     0 | D        | Groucho the Demonspawn Gladiator began the quest for the
                  | Orb.
     0 | D        | Reached XP level 1. HP: 16/16 MP: 1/1
     0 | D        | Found a shimmering blue altar of Sif Muna.
     0 | D        | Found a bloodstained altar of Trog.
     0 | D        | Found a sacrificial altar of Ru.
     0 | D        | Found a stormy altar of Qazlal.
     0 | D        | Found an iron altar of Okawaru.
     1 | D        | Found a sparkling altar of Nemelex Xobeh.
     1 | D        | Found a blossoming altar of Fedhas.
     1 | D        | Found the +6 Majin-Bo {spellvamp, MP+6 Int+6}
     1 | D        | Found the +27 heavy crossbow "Sniper" {heavy, Acc+∞ SInv}
     1 | D        | Found the +10 dark maul {heavy}
     1 | D        | Found the +15 Maxwell's patent armour {-Cast -Tele rElec
                  | Will+ rCorr}
     1 | D        | Found the +18 shield of the Gong {Loud rN+ Will+ rCorr
                  | EV-5}
     1 | D        | Found the +16 obsidian axe {drain, demonic, Mesm Drain Fly
                  | SInv}
     1 | D        | Found the +7 great mace "Firestarter" {flame, immolate,
                  | rFlCloud rF++}
     1 | D        | Found the +6 shillelagh "Devastator" {shatter}
     1 | D        | Found the +11 plutonium sword {Contam Stlth-}
     1 | D        | Found the +8 lance "Wyrmbane" {slay drac, rPois rF+ rC+
                  | AC+3}
     1 | D        | Found the +9 sword of Zonguldrok {reap}
     1 | D        | Found the +13 scythe of Curses {drain, curses, Drain}
     1 | D        | Found the +9 sword of Power {lifebolt}
     1 | D        | Found the +7 mace of Variability {chaos, chaos arc}
     1 | D        | Found the +11 Singing Sword {sonic wave}
     1 | D        | Found the +8 storm bow {elec, penet}
     3 | D        | Found a transporter.
     3 | D        | Found an ancient bone altar of Kikubaaqudgha.
     3 | D        | Found a viscous altar of Jiyva.
     3 | D        | Found a corrupted altar of Lugonu.
     3 | D        | Found a hazy altar of Hepliaklqana.
     3 | D        | Found a burning altar of Makhleb.
     3 | D        | Found an opulent altar of Gozag.
    77 | D        | Became a worshipper of Qazlal Stormbringer
    90 | D        | Entered arena 2.
    90 | D        | Noticed an orc priest
    90 | D        | Found a transporter.
    93 | D        | Reached skill level 1 in Invocations
    94 | D        | Killed an orc priest
    95 | D        | Reached skill level 1 in Armour
    95 | D        | Reached skill level 1 in Shields
    95 | D        | Reached skill level 3 in Invocations
    95 | D        | Gained mutation: A meltable shield of frost defends you.
                  | (SH +4) [demonic ancestry]
    95 | D        | Reached XP level 2. HP: 23/23 MP: 1/4
    95 | D        | Reached XP level 3. HP: 28/28 MP: 1/5
   329 | D        | Entered arena 3.
   329 | D        | Noticed a merfolk
   329 | D        | Noticed a merfolk
   329 | D        | Noticed a merfolk
   329 | D        | Found a transporter.
   346 | D        | Killed a merfolk
   346 | D        | Reached * piety under Qazlal
   347 | D        | Reached skill level 8 in Invocations
   347 | D        | Gained mutation: Your touch may inflict minor irresistible
                  | damage on your foes. [demonic ancestry]
   347 | D        | Reached XP level 4. HP: 17/38 MP: 6/10
   347 | D        | Gained mutation: You are partially covered in rugged brown
                  | scales. (AC +1, +3% HP) [demonic ancestry]
   347 | D        | Reached XP level 5. HP: 17/44 MP: 6/11
   364 | D        | Killed a merfolk
   365 | D        | Reached skill level 5 in Fighting
   365 | D        | Reached skill level 5 in Polearms
   365 | D        | Reached skill level 5 in Dodging
   365 | D        | Reached skill level 10 in Invocations
   365 | D        | Gained mutation: You regenerate magic rapidly. [demonic
                  | ancestry]
   365 | D        | Reached XP level 6. HP: 30/53 MP: 8/13
   379 | D        | Killed a merfolk
   380 | D        | Reached skill level 5 in Armour
   380 | D        | Reached skill level 5 in Shields
   380 | D        | Reached skill level 11 in Invocations
   380 | D        | Reached XP level 7. HP: 52/60 MP: 11/15
   388 | D        | Got the Directory of the Chill and Trauma
   397 | D        | Entered arena 4.
   397 | D        | Found a transporter.
   401 | D        | Reached ** piety under Qazlal
   413 | D        | Reached *** piety under Qazlal
   430 | D        | Entered arena 5.
   430 | D        | Found a transporter.
   451 | D        | Entered arena 6.
   451 | D        | Found a transporter.
   452 | D        | Reached **** piety under Qazlal
   453 | D        | Reached skill level 12 in Invocations
   453 | D        | Gained mutation: Your touch may inflict irresistible damage
                  | on your foes. [demonic ancestry]
   453 | D        | Reached XP level 8. HP: 66/66 MP: 12/17
   694 | D        | Entered arena 7.
   695 | D        | Reached ***** piety under Qazlal
   697 | D        | Reached skill level 13 in Invocations
   816 | D        | Found a transporter.
   833 | D        | Entered arena 8.
   833 | D        | Noticed a slime creature
   833 | D        | Noticed a slime creature
   833 | D        | Noticed a shining eye
   833 | D        | Noticed a slime creature
   835 | D        | Killed a shining eye
   836 | D        | Reached XP level 9. HP: 76/76 MP: 12/19
   837 | D        | Reached skill level 14 in Invocations
  1005 | D        | Found a transporter.
  1018 | D        | Entered arena 9.
  1018 | D        | Noticed a wind drake
  1018 | D        | Noticed a merfolk
  1018 | D        | Noticed a merfolk
  1018 | D        | Noticed a wind drake
  1018 | D        | Noticed a wind drake
  1019 | D        | Killed a wind drake
  1019 | D        | Killed a merfolk
  1019 | D        | Reached ****** piety under Qazlal
  1019 | D        | Killed a wind drake
  1019 | D        | Killed a wind drake
  1020 | D        | Reached skill level 15 in Invocations
  1020 | D        | Found a transporter.
  1023 | D        | Killed a merfolk
  1284 | D        | Got the ring "Garchay" {rF+++ rC+ Int+6 Slay-2}
  1287 | D        | Got the Omnibus of Meteoric Metal
  1293 | D        | Got the ring "Cuatias" {Str+4 SInv}
  1297 | D        | Entered arena 10.
  1297 | D        | Noticed a toenail golem
  1297 | D        | Noticed a toenail golem
  1297 | D        | Noticed a toenail golem
  1297 | D        | Noticed a toenail golem
  1297 | D        | Noticed a toenail golem
  1297 | D        | Noticed a toenail golem
  1297 | D        | Noticed a toenail golem
  1301 | D        | Killed a toenail golem
  1302 | D        | Reached skill level 16 in Invocations
  1302 | D        | Gained mutation: You are mostly covered in rugged brown
                  | scales. (AC +2, +5% HP) [demonic ancestry]
  1302 | D        | Reached XP level 10. HP: 78/87 MP: 13/22
  1302 | D        | Killed a toenail golem
  1302 | D        | Killed a toenail golem
  1303 | D        | Killed a toenail golem
  1303 | D        | Killed a toenail golem
  1304 | D        | Reached skill level 17 in Invocations
  1309 | D        | Killed a toenail golem
  1310 | D        | Reached skill level 10 in Fighting
  1312 | D        | Killed a toenail golem
  1313 | D        | Found a transporter.
  1326 | D        | Got the amulet of the Sunfish {Reflect rF++ rC- Str+5 SH+5}
  1336 | D        | Entered arena 11.
  1339 | D        | Found a transporter.
  1527 | D        | Entered arena 12.
  1527 | D        | Noticed a war gargoyle
  1527 | D        | Noticed a war gargoyle
  1527 | D        | Noticed a war gargoyle
  1527 | D        | Noticed an ancient champion
  1527 | D        | Noticed a war gargoyle
  1528 | D        | Noticed a war gargoyle
  1528 | D        | Noticed an ancient champion
  1531 | D        | Killed a war gargoyle
  1532 | D        | Reached skill level 18 in Invocations
  1532 | D        | Killed a war gargoyle
  1533 | D        | Reached skill level 10 in Polearms
  1533 | D        | Reached skill level 10 in Dodging
  1533 | D        | Reached XP level 11. HP: 52/96 MP: 13/24
  1534 | D        | Killed a war gargoyle
  1534 | D        | Killed a war gargoyle
  1534 | D        | Killed a war gargoyle
  1535 | D        | Reached skill level 10 in Armour
  1535 | D        | Reached skill level 10 in Shields
  1535 | D        | Reached skill level 19 in Invocations
  1535 | D        | Killed an ancient champion
  1538 | D        | Found a transporter.
  1550 | D        | Killed an ancient champion
  1551 | D        | Reached skill level 20 in Invocations
  1913 | D        | Got the Quarto of the Creeping Ground
  1940 | D        | Entered arena 13.
  1940 | D        | Noticed Qudumu the pandemonium lord
  1940 | D        | Noticed Zautiewk the pandemonium lord
  1940 | D        | Noticed a blizzard demon
  1940 | D        | Noticed an Ice Fiend
  1940 | D        | Noticed an Executioner
  1940 | D        | Noticed a Tzitzimitl
  1940 | D        | Noticed a blizzard demon
  1941 | D        | Noticed an angel
  1941 | D        | Noticed Jusugeg the pandemonium lord
  1942 | D        | Noticed a sixfirhy
  1943 | D        | Killed a blizzard demon
  1943 | D        | Killed an Executioner
  1943 | D        | Killed a blizzard demon
  1943 | D        | Killed an angel
  1943 | D        | Killed an Ice Fiend
  1944 | D        | Reached skill level 21 in Invocations
  1944 | D        | Gained mutation: A meltable icy envelope protects you from
                  | harm. (AC +4) [demonic ancestry]
  1944 | D        | Reached XP level 12. HP: 108/108 MP: 18/26
  1951 | D        | Collided with an unnaturally hard rock wall

Illustrated notes

Levels and vault maps discovered:
D:        sprint_v [room_start, room_1, room_2, room_3, room_4, room_5, room_6,
          room_7, room_8, room_9, room_10, room_11, room_12, room_13, room_14,
          room_15, room_16, room_17, room_18, room_19, room_20, room_21,
          room_22, room_23, room_24, room_25, room_26, room_27]

Skill      XL: |  1  2  3  4  5  6  7  8  9 10 11 |
---------------+----------------------------------+-----
Invocations    | 3 8 10 11 12 13 16 18 21 | 21.5
Polearms       | 3 4 5 6 7 8 10 11 | 11.7
Armour         | 1 4 5 6 7 8 9 11 | 11.4
Dodging        | 3 4 5 6 7 8 10 11 | 11.7
Shields        | 1 3 4 5 7 8 9 11 | 11.4
Fighting       | 4 5 6 8 9 10 12 | 12.5
Throwing       | |  1.7

Action                     |  1- 3 |  4- 6 |  7- 9 | 10-12 || total
---------------------------+-------+-------+-------+-------++-------
  Melee: Lance             |    16 |    30 |    28 |    25 ||    99
  Throw: Javelin           |       |     1 |       |       ||     1
 Invoke: Upheaval          |       |       |    12 |    11 ||    23
         Disaster Area     |       |       |     1 |     3 ||     4
    Use: Potion            |     2 |     2 |       |     1 ||     5
 Armour: Plate armour      |     6 |     4 |    19 |     8 ||    37
  Dodge: Dodged            |     1 |       |       |     2 ||     3
  Block: Kite shield       |    38 |    40 |    48 |    31 ||   157
